Cogmind - Beta 16.1 @@@ ROGUE MODE // 2026.02.11 @ 14:42:45 Player: Glyphon Result: Destroyed by as-44289 with Assembled Rifle Performance ------------- Evolutions (1) 500 Regions Visited (3) 600 Robots Destroyed (30) 150 Value Destroyed (832) 832 Prototype IDs (4) 80 Alien Tech Used (0) 0 Bonus (0) 0 TOTAL SCORE: 2162 Bonus ------- None Cogmind --------- Core Integrity 0/400 Matter 300/300 Energy 265/265 System Corruption 9% Temperature Warm (194) Movement Walking (120) Location -9/Mines Parts ------- > --- POWER (2) -------- Improved Ion Engine > --- PROPULSION (2) --- Aluminum Leg Aluminum Leg > --- UTILITY (2) ------ (None) > --- WEAPON (3) ------- Flail > --- INVENTORY (5) ---- Small Storage Unit Medium Matter Pod (100) Utility Shielding Peak State ------------ > --- POWER ------------ Light Nuclear Core Light Nuclear Core > --- PROPULSION ------- Aluminum Leg > --- UTILITY ---------- Improved Signal Interpreter Insulated Plating > --- WEAPON ----------- Particle Gun Heavy Assault Rifle Heavy Assault Rifle > --- INVENTORY -------- Light Ion Engine Small Storage Unit Medium Matter Pod Small Laser [Rating: 19] Favorites ----------- Power Ion Engine Engine Ion Engine Power Core Light Nuclear Core Propulsion Light Treads Treads Light Treads Leg Aluminum Leg Flight Unit Flight Unit Utility Small Storage Unit Device Improved Heat Sink Storage Small Storage Unit Processor Improved Signal Interpreter Protection Propulsion Shielding Weapon Heavy Assault Rifle Energy Gun Particle Gun Ballistic Gun Heavy Assault Rifle Impact Weapon Flail Build | -11 -10 -9 -9 ------- Run | Yrd Mat Mat Min Slots Evolved 2 | . . 2 . Power 1 | . . 1 . Propulsion . | . . . . Utility . | . . . . Weapon 1 | . . 1 . Parts Attached 35 | 6 4 24 1 Power 8 | 1 1 5 1 Engine 6 | 1 1 3 1 Core 2 | . . 2 . Reactor . | . . . . Propulsion 9 | 2 . 7 . Treads 5 | 2 . 3 . Leg 3 | . . 3 . Wheel . | . . . . Hover . | . . . . Flight 1 | . . 1 . Utility 7 | 1 1 5 . Device 3 | . . 3 . Storage 1 | 1 . . . Processor 1 | . . 1 . Hackware . | . . . . Protection 2 | . 1 1 . Artifact . | . . . . Weapon 11 | 2 2 7 . Energy Gun 4 | 1 1 2 . Energy Cannon . | . . . . Ballistic Gun 4 | 1 1 2 . Ballistic Cannon . | . . . . Launcher . | . . . . Special Weapon . | . . . . Impact Weapon 3 | . . 3 . Slashing Weapon . | . . . . Piercing Weapon . | . . . . Special Melee Weapon . | . . . . Unidentified Prototypes . | . . . . Parts Lost 16 | . . 11 5 Power 4 | . . 3 1 Propulsion 3 | . . 3 . Utility 4 | . . 2 2 Weapon 5 | . . 3 2 Highest Loss Streak 5 | . . 2 5 To Critical Strikes . | . . . . Average Backups 3 | . 3 3 2 Power . | . . . . Propulsion . | . . . . Utility 1 | . 1 2 2 Weapon 1 | . 1 1 . Tool/Special . | . . . . Unused Backups 3 | . 1 . 2 Power . | . . . . Propulsion . | . . . . Utility 2 | . . . 2 Weapon 1 | . 1 . . Tool/Special . | . . . . Average Slot Usage (%) 86 | . 94 81 97 Engine 11 | . 13 9 21 Core 3 | . . 5 . Treads 11 | . 25 7 . Leg 5 | . . 5 22 Device 2 | . . 2 10 Storage 7 | . 14 5 . Processor 4 | . . 5 10 Protection 8 | . 12 7 . Energy Gun 14 | . 13 15 10 Ballistic Gun 14 | . 14 15 10 Impact Weapon 2 | . . 1 11 Peak Build Rating 19 | 6 8 19 17 Average Rating 11 | 4 6 12 16 On Entrance 7 | . 6 7 16 Avg Prop Armor Cover (%) 16 | 22 23 9 . Naked Turns . | . . . . Heaviest Build 22 | 11 16 22 21 Greatest Support 40 | 3 40 40 20 Greatest Overweight (x) 7 | 3 3 7 1 Average Overweight (x) 1 | 1 1 . . Largest Inventory Capacity 8 | 8 8 8 5 Average Capacity 6 | 7 8 6 5 Most Carried 6 | 1 6 5 4 Average Carried 3 | . 3 3 2 Final Capacity 8 | 8 8 5 5 Final Carried 3 | . 3 2 3 Class Distribution -------------------- 39% | Tank 36% | Mutant 16% | Scavenger-Mutant 4% | Gunner Dominant Class ---------------- Mutant | -10/Materials Tank | -9/Materials Scavenger-Mutant | -9/Mines Resources | -11 -10 -9 -9 ----------- Run | Yrd Mat Mat Min Matter Collected 979 | 248 135 566 30 Remotely . | . . . . Salvage Created 1012 | . 228 760 24 Parts 55 | . 13 42 . Haulers Intercepted . | . . . . Recyclers Shooed 3 | . . 3 . Parts Field Recycled . | . . . . Retrieved Matter . | . . . . Parts Self-Destructed . | . . . . Prevented . | . . . . Parts Restored . | . . . . Kills | -11 -10 -9 -9 ------- Run | Yrd Mat Mat Min Combat Hostiles Destroyed 29 | . 5 22 2 Guns 29 | . 5 22 2 Classes Destroyed 6 | . 2 3 1 Watcher 3 | . 1 2 . Swarmer 9 | . . 9 . Grunt 13 | . 5 8 . Brawler 1 | . . 1 . Sentry 4 | . . 4 . Assembled 2 | . . . 2 Best Kill Streak 4 | . 2 4 2 Combat Bots Only 4 | . 2 4 2 Max Kills in Single Turn 2 | . 1 2 1 Gunslinging 1 | . . 1 . Exploded . | . . . . Melee . | . . . . Uniques/NPCs Destroyed . | . . . . Combat | -11 -10 -9 -9 -------- Run | Yrd Mat Mat Min Hostile Shots Fired 232 | . 23 166 43 Missed 46 | . 3 37 6 Hits 186 | . 20 129 37 Melee 8 | . . 4 4 Projectile 178 | . 20 125 33 Critical Strikes 6 | . 1 4 1 Actively Blocked 1 | . 1 . . Part Disruptions 1 | . . . 1 Damage Taken 2387 | . 280 1566 541 Core 494 | . 81 283 130 Absorbed by Shields . | . . . . Redirected to Shielding 52 | . 27 25 . Regen/Repaired (Parts) 55 | . . 55 . Core Remaining (%) 83 | 100 67 . . Volleys Fired 111 | . 17 85 9 Largest 3 | . 2 3 2 Hottest 133 | . 85 133 88 Shots Fired 243 | . 33 198 12 Gun 243 | . 33 198 12 Cannon . | . . . . Launcher . | . . . . Special . | . . . . Kinetic 111 | . 17 91 3 Thermal 109 | . 16 84 9 Explosive . | . . . . Electromagnetic 23 | . . 23 . Robot Hit Streak 20 | . 8 20 4 Robot Miss Streak 7 | . 2 7 2 Penetration Max . | . . . . Secondary Targets 8 | . 1 6 1 Max Gunslinging Chain 2 | . 1 2 1 Shots Hit Robots 134 | . 21 104 9 Core Hits 51 | . 10 37 4 Critical Kills . | . . . . Critical Parts Destroyed 2 | . . 2 . Critical Strikes 4 | . . 4 . Burn 1 | . . 1 . Destroy 2 | . . 2 . Corrupt 1 | . . 1 . Melee Attacks 2 | . . . 2 Impact 2 | . . . 2 Slashing . | . . . . Piercing . | . . . . Sneak Attacks . | . . . . Combat Hostiles . | . . . . Follow-up Attacks . | . . . . Damage Inflicted 2011 | . 263 1578 170 Guns 1970 | . 263 1578 129 Cannons . | . . . . Explosions . | . . . . Melee 41 | . . . 41 Ramming . | . . . . Kinetic 867 | . 94 744 29 Thermal 920 | . 169 651 100 Explosive . | . . . . Electromagnetic 183 | . . 183 . Impact 41 | . . . 41 Slashing . | . . . . Piercing . | . . . . Highest Corruption 9 | . 2 . 9 Average Corruption 2 | . 2 . 9 Corruption Purged . | . . . . Corruption Blocked . | . . . . Effects 3 | . 2 . 1 Heat Flow Errors 2 | . 1 . 1 Data Loss (minor) 1 | . 1 . . Overload Shots . | . . . . Overflow Damage 1 | . . . 1 Projectiles . | . . . . Explosions . | . . . . Melee 1 | . . . 1 Knockbacks . | . . . . Impact . | . . . . Kinetic . | . . . . Secondary . | . . . . Self-Inflicted Damage . | . . . . Shots . | . . . . Rammed . | . . . . Targets Rammed . | . . . . Kicked . | . . . . Crushed . | . . . . Highest Temperature 561 | . 171 561 234 Average Temperature 129 | . 66 144 90 Received Heat Transfer 767 | . 156 471 140 Effects 15 | . . 15 . Shutdowns 4 | . . 4 . Energy Bleed 1 | . . 1 . Interference 7 | . . 7 . Damage (minor) 2 | . . 2 . Damage (core) 1 | . . 1 . Siege Activations . | . . . . Martial Activations . | . . . . Shielding Activations . | . . . . Robots Disrupted . | . . . . Combat Hostiles . | . . . . Robots Corrupted . | . . . . Combat Hostiles . | . . . . Parts Fried . | . . . . Impact Corruptions 1 | . . . 1 Robots Melted . | . . . . Combat Hostiles . | . . . . Parts Melted . | . . . . Heat Transferred 2224 | . 372 1593 259 Parts Sabotaged . | . . . . Parts Stolen . | . . . . Parts Stripped . | . . . . Power Chain Reactions . | . . . . Alert | -11 -10 -9 -9 ------- Run | Yrd Mat Mat Min Maximum Alert Level 1 | . . 1 . Low Security (%) 93 | 100 100 88 100 Level 1 6 | . . 11 . Level 2 . | . . . . Level 3 . | . . . . Level 4 . | . . . . Level 5 . | . . . . High Security . | . . . . Max Security . | . . . . Peak Influence 240 | . 63 240 75 Initial 75 | . . 13 75 Average 76 | . 13 117 25 Influence Increases 863 | . 142 721 . Destroy 0b10 Robot/C 540 | . 100 440 . Destroy 0b10 Robot/NC 15 | . 5 10 . Destroy Leader 156 | . 32 124 . Successful Hack 15 | . 5 10 . Disable Machine 15 | . . 15 . Destroy Structure 2 | . . 2 . Lose Combat Pursuer 120 | . . 120 . Influence Decreases 863 | . 111 558 194 Entered New Map 137 | . . 18 119 Time Decay 616 | . 111 430 75 Lost Part 110 | . . 110 . Squads Dispatched 6 | . 2 4 . Investigation 3 | . 1 2 . Extermination . | . . . . Reinforcement 3 | . 1 2 . Assault . | . . . . Garrison . | . . . . Intercept . | . . . . Searches Triggered . | . . . . Construction Impeded . | . . . . Haulers Reinforced . | . . . . Active Scanning Responses . | . . . . Cargo Convoy Interrupts . | . . . . Stealth | -11 -10 -9 -9 --------- Run | Yrd Mat Mat Min Distress Signals 3 | . 1 2 . Communications Jammed . | . . . . Distress Signals . | . . . . Times Spotted 53 | . 7 37 9 Peak Tracking Total 15 | . 2 8 15 Tactical Retreats 8 | . . 7 1 Traps | -11 -10 -9 -9 ------- Run | Yrd Mat Mat Min Traps Triggered 3 | . 3 . . Indirectly . | . . . . Trap Hack Attempts . | . . . . Triggered . | . . . . Disarmed . | . . . . Reprogrammed . | . . . . Reused . | . . . . Traps Extracted . | . . . . Installed . | . . . . Triggered . | . . . . Machines | -11 -10 -9 -9 ---------- Run | Yrd Mat Mat Min Machines Disabled 1 | . . 1 . Max in Single Turn 1 | . . 1 . Machines Repaired . | . . . . Machines Dismantled . | . . . . Machines Sabotaged . | . . . . Overloaded Fab Kills . | . . . . Hacking | -11 -10 -9 -9 --------- Run | Yrd Mat Mat Min Machines Accessed 8 | . 3 5 . Terminals 5 | . 2 3 . Fabricators . | . . . . Repair Stations 1 | . . 1 . Recycling Units 1 | . 1 . . Scanalyzers 1 | . . 1 . Garrison Access . | . . . . Total Hacks 36 | . 14 22 . Successful 22 | . 9 13 . Failed 13 | . 5 8 . Catastrophic . | . . . . Database Lockouts 1 | . . 1 . Manual . | . . . . Terminals 18 | . 7 11 . Fabricators . | . . . . Repair Stations 6 | . . 6 . Recycling Units 7 | . 7 . . Scanalyzers 5 | . . 5 . Garrison Access . | . . . . Terminal Hacks 12 | . 5 7 . Record 4 | . 2 2 . Prototype ID Bank 3 | . 2 1 . Alert Level 2 | . 1 1 . Locate Traps 1 | . . 1 . Maintenance Status 1 | . . 1 . Hauler Manifests 1 | . . 1 . Fabricator Hacks . | . . . . Repair Station Hacks 2 | . . 2 . Scan Component 1 | . . 1 . Repair 1 | . . 1 . Recycling Unit Hacks 4 | . 4 . . Recycle Component 2 | . 2 . . Process 1 | . 1 . . Retrieve Matter 1 | . 1 . . Scanalyzer 4 | . . 4 . Insert Component 1 | . . 1 . Analyze 1 | . . 1 . Retrieve Study 2 | . . 2 . Garrison Access Hacks . | . . . . Unauthorized Hacks . | . . . . Terminals . | . . . . Fabricators . | . . . . Repair Stations . | . . . . Recycling Units . | . . . . Scanalyzers . | . . . . Garrison Access . | . . . . Data Cores Recovered . | . . . . Used . | . . . . Hacking Detections 6 | . 3 3 . Full Trace Events 4 | . 2 2 . Feedback Events . | . . . . Feedback Blocked . | . . . . Robot Schematics Acquired . | . . . . Robots Built . | . . . . Authchips . | . . . . Time . | . . . . Total Robot Build Rating . | . . . . Part Schematics Acquired 1 | . . 1 . Parts Built . | . . . . Authchips . | . . . . Time . | . . . . Total Part Build Rating . | . . . . Part Studies Acquired 2 | . . 2 . Parts Repaired 1 | . . 1 . Time 32 | . . 32 . Parts Recycled 2 | . 2 . . Recycled Matter 66 | . 66 . . Retrieved Matter 66 | . 66 . . Retrieved Components . | . . . . Parts Scanalyzed 1 | . . 1 . Part Schematics Acquired 1 | . . 1 . Parts Damaged . | . . . . Bothacking | -11 -10 -9 -9 ------------ Run | Yrd Mat Mat Min Used RIF Installer . | . . . . Robots Hacked . | . . . . Non-combat . | . . . . Combat . | . . . . Robot Hacks Applied . | . . . . Relay Couplers Released . | . . . . Fabnet Peak Effective % . | . . . . Robots Rewired . | . . . . Allies Hacked . | . . . . Hacks Repelled . | . . . . Allies | -11 -10 -9 -9 -------- Run | Yrd Mat Mat Min Total Allies . | . . . . Largest Group . | . . . . Highest-Rated Group . | . . . . Highest-Rated Ally . | . . . . Total Orders . | . . . . Ally Attacks . | . . . . Total Damage . | . . . . Kills . | . . . . Allies Corrupted . | . . . . Allies Melted . | . . . . Intel | -11 -10 -9 -9 ------- Run | Yrd Mat Mat Min Active Infowar (turns) . | . . . . Robot Analysis Total . | . . . . Derelict Logs Recovered . | . . . . Drone Launches . | . . . . Drone Recoveries . | . . . . Exploration | -11 -10 -9 -9 ------------- Run | Yrd Mat Mat Min Turns Passed 2229 | 73 589 1317 250 Spaces Moved 1016 | 43 299 543 131 Core 221 | 43 133 45 . Treads 422 | . 166 256 . Legs 373 | . . 242 131 Wheels . | . . . . Hover . | . . . . Flight . | . . . . Fastest Speed 50 | 50 150 120 120 Average Speed 177 | 145 174 183 168 Slowest Speed 400 | 200 200 400 190 Overloaded Moves . | . . . . Propulsion Burnouts . | . . . . Robots Hopped . | . . . . Potential Cave-ins . | . . . . Cave-ins Triggered . | . . . . Exploration Rate (%) 30 | 3 50 41 28 Regions Visited 3 Branch Regions 1 Pre-discovered Areas . | . . . . Known Exits Taken 1 | . . 1 . Unknown Exits Taken 2 | 1 1 . . Scrap Searched 1 | . . . 1 Spaces Dug . | . . . . Terrain Destroyed . | . . . . Melee . | . . . . Projectile . | . . . . AOE . | . . . . Terrain Rammed . | . . . . Walls Destroyed . | . . . . Machines Disabled . | . . . . Actions | -11 -10 -9 -9 --------- Run | Yrd Mat Mat Min Total 1229 | 54 334 695 146 Wait . | . . . . Move 1013 | 42 298 542 131 Hop . | . . . . Pick Up 41 | 6 10 23 2 Fast Attach 2 | . . 2 . Attach 28 | 6 4 18 . Detach 1 | . . 1 . Swap 18 | . 4 13 1 Drop 13 | . 1 11 1 Fire 111 | . 17 85 9 Melee 2 | . . . 2 Ram . | . . . . Kick . | . . . . Crush . | . . . . Escape Stasis . | . . . . Rewire . | . . . . Trap . | . . . . Miscellaneous . | . . . . Route ------- -11/Scrapyard -10/Materials (discovered 3 exits: *Mat x2 / [*Min]) -9/Materials -9/Mines History --------- Turn | Location | Event 8 | -11/Scrapyard | Discovered new exit (range 15) 74 | -11/Scrapyard | Entered Materials 182 | -10/Materials | Discovered new exit (range 14) 315 | -10/Materials | Build established: Mutant 521 | -10/Materials | Discovered new exit (range 14) 605 | -10/Materials | Discovered new exit (range 15) 663 | -10/Materials | Entered another Materials area 663 | -9/Materials | Evolved 2 slots: Power x1, Weapon x1 963 | -9/Materials | Build established: Tank 1507 | -9/Materials | Repaired Particle Gun 1539 | -9/Materials | Core integrity fell below 50% 1778 | -9/Materials | Central database locked down 1972 | -9/Materials | Discovered new exit (range 7) 1978 | -9/Materials | Identified exit to Mines 1980 | -9/Materials | Entered Mines 2129 | -9/Mines | Build established: Scavenger-Mutant 2191 | -9/Mines | Assembled infested the area 2214 | -9/Mines | Core integrity fell below 20% 2230 | -9/Mines | Destroyed by as-44289 with Assembled Rifle Last Messages --------------- 02191_ ALERT: Infestation in the mines, dispatching Demolisher response squad. 02203_ Critical hit (Burn: +80). 02214_ as-80037 destroyed. 02214_ Switching to secondary target: as-03686. 02214_ Destroyed Asb. F-torch. 02220_ Hvy. Assault Rifle+ destroyed. 02222_ Imp. Heat Sink destroyed. 02222_ Imp. Signal Interpreter destroyed. 02222_ System corrupted by crushing effect (+4). 02222_ System corrupted by crushing effect (+5). 02222_ Knocked back. 02223_ Ion Engine destroyed. 02224_ as-14185 destroyed. 02226_ Particle Gun destroyed. 02226_ Destroyed Asb. Hover Unit. 02226_ as-15997 system corrupted by crushing effect. 02227_ System corrupted: Heat flow error (+159). [Achievement: First Step to Greatness] Map ----- +----------------------------------------------------+ | ?????????????????????????????????????????????????# | | ?????????????????????????????????????????????????# | | ?????????????????????????????????????????????????# | | ????????????????????????????????????#????????????# | | ????????????????????????????????????# ???????????? | | ????????????????????????????????????# ###????????# | | ????????????????????????????????????# #??####### | | ????????????????????????????????????### #??# ## | | ??????????????????????????????????????# #??# | | ??????????????????????????????????????# #??## | | ?????????????????????? ####???????????# #??## | | ???????????????????? ##?????????# #?## # | | ?????????????????? ##????????# #?# ## | | ?????????????????? #????????# ### #? | | ??????????????#???# ########## ## """ ## | | ?????????????? ### ## """ # | | ????????????? ## """ | | ?????????????? ## ########## | | ???????????????? # #????????## | | ????????????????? ?# #?????????### | | ?????????????????? ?# #?############ | | ???????????????????? ??# #?# #?# | | ????????????????????? aa ???# #?# """ ### | | ?????????????????????? aa#???# #?# """ | | ???????????????????????#a%#???# #?# """ | | ???????????????????????# @#???# #?# ### | | ???????????????????????# ##### #?# """ #?## | | ???????????????????????# #?# """ #??### | | ???????????????????????# #?# """ #????? | | ???????????????????????###########?# #????? | | ???????????????????????????????????##########????? | | ?????????????????????????????????????????????????? | | ?????????????????????????????????????????????????? | | ?????????????????????????????????????????????????? | | ?????????????????????????????????????????????????? | | | | | | | | | | | | | | | | | | | | | | | | | | | | | | | +----------------------------------------------------+ Best States ------------- Heat Dissipation 42 Energy Generation 23 Energy Capacity 415 Matter Stores 300 Matter Capacity 300 Sight Range 16 Terrain Scan Density 10 Armor Coverage 150 Resistance: EM 15 Propulsion Shielding 33 Evasion (%) 55 Recoil Reduction 2 Item Schematics ----------------- Flail | -9/Materials | Scanalyzed Robot Schematics ------------------ None Fabricated ------------ Nothing Repaired ---------- Particle Gun | 26% | -9/Materials Studied --------- Flail | -9/Materials | Hacked Hvy. Assault Rifle | -9/Materials | Hacked Alien Tech Used ----------------- None Achievements -------------- DATA ERROR: Steam Global Achievement% First Step to Greatness Item+ Organ Harvest Part-time Mechanic Physics Hates This One Trick Shopping List Storm Trooper That Tickles There's More Where That Came From Well Done Challenges ------------ None Game ------ Seed SiegeSurveybotInsulator Manual? 0 Play Time 00:24:46 Cumulative 1.0 hours Start 2026.02.11 @ 14:19:19 End 2026.02.11 @ 14:42:45 Sessions 1 Manual Loads 0 Difficulty Rogue Special Mode None Game No. 5 Rogue 5 Adventurer 0 Explorer 0 Win Type - Total 0 Types 0/0/0/0/0/0/0/0/0/0 Lore% 0 Gallery% 3 Achievement% 2 Wizard Run 0 Options --------- Layout 1 ASCII 0 Keyboard 0 Movement Mouse Keybinds 0 Fullscreen 1 Font 32/SmallcapsGlow Map View 50x35 Zoom Use 0% Tactical HUD 1 Map Filters NONE Filters NONE Steam 1 RUN: 53c95a0d-4783-4ec4-82be-71f19def2c83